 Dungeon Crawl Stone Soup version 0.20.0-7-g3b7b877 (webtiles) character file.

411 Jannitor the Conjurer (level 6, -3/38 HPs)
             Began as an Octopode Wizard on May 29, 2017.
             Slain by a sky beast (6 damage)
             ... on level 5 of the Dungeon.
             The game lasted 00:10:48 (5186 turns).

Jannitor the Conjurer (Octopode Wizard)             Turns: 5186, Time: 00:10:49

Health: -3/38      AC:  1    Str:  6    XL:     6   Next: 90%
Magic:  5/11       EV: 14    Int: 23    God:
Gold:   201        SH:  0    Dex: 16    Spells: 8/11 levels left

rFire    x . .     SeeInvis .   k - +0 dagger (flame)
rCold    + . .     Gourm    .   (no shield)
rNeg     . . .     Faith    .   a - +0 hat
rPois    .         Spirit   .   (no amulet)
rElec    .         Reflect  .   d - ring of ice
rCorr    .         Harm     .   (no ring)
MR       .....                  v - +6 ring of dexterity
Stlth    +++.......             (no ring)
Regen    0.2/turn               (no ring)
MPRegen  0.2/turn               (no ring)
                                (no ring)
                                (no ring)

@: no status effects
A: almost no armour, stealthy swim, amphibious, 8 rings, constrict 8, camouflage
1, gelatinous body 1
a: no special abilities


You were on level 5 of the Dungeon.
You were hungry.

You visited 1 branch of the dungeon, and saw 5 of its levels.

You collected 201 gold pieces.

Inventory:

Hand Weapons
 k - a +0 dagger of flaming (weapon)
Armour
 a - a +0 hat (worn)
Magical Staves
 y - an uncursed staff of air
Jewellery
 d - a ring of ice (left tentacle)
 v - a +6 ring of dexterity (on tentacle)
Wands
 l - a wand of random effects (39/48)
 s - a wand of disintegration (9/24)
 u - a wand of confusion (18/48)
Scrolls
 e - 4 scrolls of remove curse
 f - 2 scrolls of enchant weapon {unknown}
 g - 2 scrolls of fog {unknown}
 h - a scroll of blinking {unknown}
 j - 4 scrolls of identify {unknown}
 m - a scroll of magic mapping {unknown}
 n - 4 scrolls of teleportation {unknown}
 t - a scroll of fear {unknown}
 B - a scroll of immolation {unknown}
Potions
 o - a potion of curing
 q - a potion of berserk rage {unknown}
 r - a potion of cancellation {unknown}
 x - a potion of heal wounds
 z - a potion of mutation {unknown}
 A - 2 potions of invisibility {unknown}
Books
 b - a book of Minor Magic

   Spells                             Type                      Level
   a - Magic Dart                     Conjuration                  1
   b - Blink                          Translocation                2
   c - Call Imp                       Summoning                    2
   d - Slow                           Hexes                        2
   e - Conjure Flame                  Conjuration/Fire             3
   f - Mephitic Cloud                 Conjuration/Poison/Air       3
 w - a book of Misfortune

   Spells                             Type                      Level
   a - Confusing Touch                Hexes                        1
   b - Confuse                        Hexes                        3
   c - Gell's Gravitas                Translocation                3
   d - Petrify                        Transmutation/Earth          4
   e - Metabolic Englaciation         Hexes/Ice                    5
   f - Yara's Violent Unravelling     Hexes/Transmutation          5
Comestibles
 c - 4 bread rations
 i - 3 royal jellies
 p - 2 meat rations


   Skills:
 + Level 1.3 Fighting
 - Level 2.0 Dodging
 - Level 2.6 Stealth
 + Level 3.3 Spellcasting
 + Level 4.6 Conjurations
 + Level 4.4 Summonings
   Level 1.0 Translocations


You had 8 spell levels left.
You knew the following spells:

 Your Spells              Type           Power        Failure   Level  Hunger
a - Magic Dart            Conj           ####         1%          1    None
b - Call Imp              Summ           ###.....     2%          2    ##.....


Dungeon Overview and Level Annotations

Branches:
Dungeon (5/15)
 Temple: D:4-7

Altars:
Elyvilon
Hepliaklqana
Nemelex Xobeh

Annotations:
D:3 2 transporters


Innate Abilities, Weirdness & Mutations

You cannot wear most types of armour.
You are very stealthy in the water. (Stealth+)
You are amphibious.
You can wear up to eight rings at the same time.
You can use your tentacles to constrict eight enemies at once.
Your skin changes colour to match your surroundings (Stealth+).
Your rubbery body absorbs attacks. (AC +1, EV +1)


Message History

You barely miss the sky beast. You squeeze the sky beast.
The sky beast is almost dead.
The sky beast closely misses you.
You hit the sky beast but do no damage. You squeeze the sky beast.
The sky beast is almost dead.
The sky beast flickers out of sight!
Deactivating autopickup; reactivate with Ctrl-A.
Something hits you. Something shocks you.
You barely miss something. Something hits you.
* * * LOW HITPOINT WARNING * * *
Something shocks you.
* * * LOW HITPOINT WARNING * * *
Casting: Magic Dart
Confirm with . or Enter, or press ? or * to list all spells.
Aiming: Magic Dart
Press: ? - help, Shift-Dir - straight line The magic dart hits something.
Something hits you.
* * * LOW HITPOINT WARNING * * *
Something shocks you.
You die...

....### ...## ...# ...#
..##### #+# ......# #.#
.####.# #.# .## .#
##.######.#######.....
.# #............@......#
.###..####.....#########
.....)# ##...## .####.#
##.## ......# ###
#######


There were no monsters in sight!

Vanquished Creatures
  Blork the orc (D:4)
  An orc priest (D:3)
  2 orc wizards
  Jessica (D:2)
  A worker ant (D:4)
  Robin (D:2)
  3 gnolls (D:3)
  7 adders
  An ooze (D:2)
  2 worms
  2 dart slugs
  A leopard gecko (D:3)
  6 orcs
  2 giant cockroaches
  13 goblins
  10 hobgoblins
  7 jackals (D:1)
  10 kobolds
  2 quokkas
  10 bats
  3 frilled lizards
  9 rats
95 creatures vanquished.

Vanquished Creatures (collateral kills)
  Ijyb (D:3)
  A worm (D:3)
  5 orcs (D:3)
  A rat (D:3)
8 creatures vanquished.

Vanquished Creatures (others)
  6 fungi (D:4)
6 creatures vanquished.

Grand Total: 109 creatures vanquished

Notes
Turn   | Place    | Note
-------+----------+-------------------------------------------
     0 | D:1      | Jannitor the Octopode Wizard began the quest for the Orb.
     0 | D:1      | Reached XP level 1. HP: 11/11 MP: 4/4
     8 | D:1      | Noticed a hound
     8 | D:1      | Noticed a komodo dragon
     8 | D:1      | Noticed a water moccasin
     8 | D:1      | Noticed a rime drake
   231 | D:1      | Reached XP level 2. HP: 17/17 MP: 1/6
   363 | D:1      | Learned a level 2 spell: Call Imp
   766 | D:1      | Reached XP level 3. HP: 21/21 MP: 3/7
  1235 | D:2      | Noticed Robin
  1468 | D:2      | Reached XP level 4. HP: 23/27 MP: 0/8
  1830 | D:2      | Found a white marble altar of Elyvilon.
  1831 | D:2      | Found a hazy altar of Hepliaklqana.
  1831 | D:2      | Found a sparkling altar of Nemelex Xobeh.
  1874 | D:2      | Killed Robin
  1891 | D:2      | Noticed Jessica
  1901 | D:2      | Killed Jessica
  1901 | D:2      | Reached XP level 5. HP: 30/31 MP: 1/9
  3066 | D:3      | Found a transporter.
  3089 | D:3      | Found a transporter.
  3622 | D:3      | Reached XP level 6. HP: 20/36 MP: 5/10
  3628 | D:3      | Noticed Ijyb
  3644 | D:3      | Killed Ijyb
  4589 | D:4      | Reached skill level 1 in Fighting
  4722 | D:4      | Noticed Blork the orc
  4733 | D:4      | Killed Blork the orc
  5132 | D:5      | Entered Level 5 of the Dungeon
  5172 | D:5      | Noticed a sky beast
  5186 | D:5      | Slain by a sky beast

Skill      XL: |  1  2  3  4  5  6 |
---------------+-------------------+-----
Conjurations   | 2 3 4 |  4.6
Summonings     | 2 3 4 |  4.4
Fighting       | 1 |  1.3
Dodging        | |  2.0
Stealth        | |  2.6
Spellcasting   | |  3.3
Translocations | |  1.0

Action                   |  1- 3 |  4- 6 || total
-------------------------+-------+-------++-------
Melee: Unarmed           |    14 |       ||    14
       Constrict         |    11 |    20 ||    31
       Tentacles         |     4 |    14 ||    18
       Dagger            |    25 |    85 ||   110
 Cast: Magic Dart        |    82 |   114 ||   196
       Call Imp          |       |    15 ||    15
  Use: Potion            |     2 |     3 ||     5
       Scroll            |       |     2 ||     2
 Stab: Sleeping          |       |     3 ||     3
       Distracted        |       |     1 ||     1
  Eat: Chunk             |     2 |    11 ||    13
Armor: Skin              |     7 |     8 ||    15
Dodge: Dodged            |    46 |    60 ||   106
